Map: Dusk Towers

Players

ShoWTimE - Winner!

  • Race: Protoss Protoss

Probe

  • Race: Protoss Protoss

Event: DreamHack ROCCAT LotV Championship

VOD

Have the link to the VOD?

Description

Time

  • Played on: Nov. 26, 2015, 8:30 a.m.
  • Length: 11:48

All games in this series

Show
View Real Time Build Order
Export as new Build Order

ShoWTimE Protoss - Winner!

Build Orders: Nexus First 

Get SALT Encoding   

  12  0:01  Probe (Chrono Boost)  
  13  0:11  Probe (Chrono Boost)  
  14  0:17  Pylon  
  14  0:22  Probe (Chrono Boost)  
  15  0:36  Probe (Chrono Boost)  
  16  0:46  Probe (Chrono Boost)  
  17  0:57  Nexus  
  17  1:07  Gateway  
  17  1:10  Probe (Chrono Boost)  
  18  1:15  Assimilator  
  18  1:21  Probe (Chrono Boost)  
  18  1:25  Assimilator  
  19  1:31  Probe (Chrono Boost)  
  20  1:42  Probe (Chrono Boost)  
  20  1:45  Gateway  
  21  1:52  Probe (Chrono Boost)  
  22  1:56  Cybernetics Core  
  22  2:03  Probe (Chrono Boost)  
  23  2:11  Probe (Chrono Boost)  
  23  2:14  Probe (Chrono Boost)  
  25  2:22  Probe (Chrono Boost)  
  26  2:24  Probe (Chrono Boost)  
  27  2:31  Stalker (Chrono Boost)  
  27  2:32  Probe (Chrono Boost)  
  27  2:33  Stalker (Chrono Boost)  
  27  2:34  Warp Gate (Chrono Boost)  
  32  2:37  Mothership Core (Chrono Boost)  
  32  2:43  Pylon  
  34  2:48  Probe (Chrono Boost)  
  35  2:55  Stalker  
  35  2:57  Probe (Chrono Boost)  
  36  3:00  Pylon  
  38  3:06  Stalker  
  38  3:08  Probe (Chrono Boost)  
  38  3:10  Probe (Chrono Boost)  
  42  3:19  Probe  
  43  3:21  Probe  
  43  3:25  Pylon  
  44  3:31  Stalker  
  44  3:32  Probe  
  44  3:33  Probe  
  48  3:42  Robotics Facility  
  48  3:44  Probe  
  48  3:46  Probe  
  48  3:47  Pylon  
  50  3:56  Probe  
  50  3:58  Probe  
  52  4:05  Pylon  
  52  4:08  Twilight Council, Probe  
  53  4:10  Probe  
  53  4:15  Gateway  
  53  4:17  Assimilator  
  53  4:20  Probe  
  53  4:21  Assimilator  
  53  4:23  Pylon  
  51  4:29  Observer (Chrono Boost)  
  47  4:32  Stalker  
  47  4:44  Probe  
  48  4:48  Observer (Chrono Boost)  
  48  4:49  Probe  
  50  4:57  Probe  
  51  5:00  Stalker  
  51  5:06  Stalker  
  54  5:10  Probe  
  55  5:14  Probe  
  56  5:22  Probe, Observer (Chrono Boost)  
  56  5:26  Probe  
  59  5:34  Probe, Blink (Chrono Boost)  
  60  5:38  Probe  
  61  5:43  Pylon  
  61  5:46  Probe  
  61  5:48  Forge  
  62  5:51  Probe  
  62  5:56  Stalker x2  
  67  5:58  Probe  
  67  6:03  Probe  
  69  6:05  Stalker  
  69  6:10  Probe  
  72  6:18  Nexus  
  72  6:21  Probe, Protoss Ground Weapons Level 1 (Chrono Boost)  
  72  6:23  Probe  
  74  6:29  Robotics Bay  
  74  6:34  Probe  
  74  6:35  Probe  
  74  6:37  Pylon  
  76  6:41  Photon Cannon  
  76  6:46  Probe  
  77  6:47  Probe  
  77  6:51  Immortal (Chrono Boost)  
  82  7:02  Stalker x2  
  82  7:03  Stalker  
  82  7:07  Photon Cannon  
  88  7:09  Probe x2  
  90  7:19  Photon Cannon  
  90  7:22  Pylon  
  90  7:26  Disruptor (Chrono Boost)  
  90  7:27  Pylon  
  92  7:42  Photon Cannon  
  92  7:43  Probe x3  
  95  7:53  Probe  
  95  7:55  Probe  
  95  7:56  Stalker  
  95  7:57  Stalker x2  
  95  7:58  Disruptor (Chrono Boost)  
  106  8:03  Gateway  
  106  8:04  Probe, Gateway  
  106  8:05  Probe  
  107  8:07  Assimilator  
  107  8:10  Probe  
  107  8:11  Assimilator  
  109  8:14  Probe  
  109  8:15  Robotics Facility  
  110  8:20  Probe  
  110  8:23  Protoss Ground Weapons Level 2 (Chrono Boost)  
  110  8:25  Disruptor (Chrono Boost)  
  114  8:40  Nexus  
  113  8:48  Probe  
  113  8:49  Probe  
  113  8:50  Gateway  
  113  8:51  Gateway  
  113  8:54  Probe  
  115  8:56  Stalker  
  115  8:57  Stalker x2  
  115  9:02  Disruptor (Chrono Boost)  
  125  9:11  Pylon  
  125  9:12  Pylon  
  125  9:17  Pylon  
  125  9:22  Pylon  
  125  9:29  Probe x2, Disruptor (Chrono Boost)  
  125  9:31  Stalker x3  
  132  9:33  Pylon  
  132  9:34  Disruptor (Chrono Boost)  
  132  9:35  Pylon  
  139  9:40  Stargate  
  139  9:42  Assimilator  
  139  9:43  Probe x2  
  139  9:44  Probe  
  142  9:47  Assimilator  
  126  10:00  Disruptor (Chrono Boost)  
  126  10:01  Stalker x4  
  126  10:07  Probe  
  138  10:09  Disruptor (Chrono Boost)  
  141  10:26  Fleet Beacon, Stargate  
  141  10:31  Disruptor (Chrono Boost), Photon Cannon  
  144  10:40  Disruptor (Chrono Boost)  
  147  10:53  Stalker x3  
  147  10:54  Stalker x3  
  159  11:00  Photon Cannon  
  159  11:02  Disruptor (Chrono Boost), Pylon  
  162  11:04  Pylon  
  162  11:10  Tempest (Chrono Boost)  
  162  11:11  Tempest (Chrono Boost)  
  164  11:35  Stalker  
  164  11:36  Stalker x6  
Show
View Real Time Build Order
Export as new Build Order

Probe Protoss 

Build Orders: Blink Stalkers, Dark Templar Rush 

Get SALT Encoding   

  12  0:10  Pylon  
  12  0:13  Probe (Chrono Boost)  
  13  0:28  Gateway  
  13  0:31  Probe (Chrono Boost)  
  14  0:41  Probe (Chrono Boost)  
  15  0:43  Assimilator  
  15  0:49  Assimilator  
  15  0:52  Probe (Chrono Boost)  
  16  1:03  Probe (Chrono Boost)  
  17  1:13  Probe (Chrono Boost)  
  17  1:17  Cybernetics Core  
  18  1:24  Probe (Chrono Boost)  
  19  1:33  Pylon  
  19  1:34  Probe (Chrono Boost)  
  20  1:45  Probe (Chrono Boost)  
  21  1:53  Twilight Council  
  21  1:54  Warp Gate (Chrono Boost)  
  21  2:00  Pylon  
  21  2:03  Probe  
  24  2:23  Stargate  
  24  2:27  Probe  
  23  2:36  Dark Shrine  
  23  2:50  Pylon  
  23  2:56  Probe  
  24  3:10  Gateway  
  27  3:26  Nexus  
  24  3:34  Pylon  
  24  3:38  Mothership Core  
  26  3:47  Dark Templar  
  27  3:59  Probe, Blink (Chrono Boost)  
  28  4:04  Pylon  
  28  4:07  Dark Templar  
  30  4:11  Probe  
  31  4:23  Probe  
  32  4:33  Forge  
  32  4:35  Probe  
  33  4:43  Probe  
  34  4:47  Probe  
  34  4:49  Pylon  
  35  4:54  Probe  
  35  4:59  Probe  
  37  5:04  Robotics Facility  
  37  5:06  Probe, Pylon  
  37  5:12  Probe  
  37  5:16  Protoss Ground Weapons Level 1 (Chrono Boost)  
  37  5:17  Probe  
  37  5:18  Stalker  
  40  5:24  Probe  
  40  5:27  Probe  
  40  5:28  Assimilator  
  41  5:31  Assimilator  
  41  5:34  Sentry  
  44  5:36  Probe  
  44  5:38  Probe  
  46  5:44  Gateway  
  46  5:46  Gateway  
  46  5:48  Warp Prism (Chrono Boost)  
  46  5:54  Probe (Chrono Boost)  
  46  5:56  Probe (Chrono Boost)  
  50  6:06  Probe (Chrono Boost)  
  50  6:08  Pylon  
  50  6:09  Probe (Chrono Boost)  
  52  6:16  Probe (Chrono Boost)  
  53  6:18  Stalker  
  53  6:21  Probe (Chrono Boost)  
  53  6:23  Gateway  
  53  6:24  Observer  
  56  6:26  Gateway  
  56  6:31  Gateway  
  57  6:37  Gateway  
  57  6:42  Stalker  
  59  6:50  Robotics Bay  
  59  6:52  Stalker  
  59  7:08  Dark Templar  
  61  7:13  Stalker  
  61  7:15  Observer  
  63  7:19  Stalker  
  66  7:26  Stalker x2  
  66  7:28  Pylon  
  68  7:39  Pylon  
  68  7:40  Probe (Chrono Boost)  
  68  7:41  Disruptor  
  68  7:42  Probe (Chrono Boost)  
  70  7:46  Nexus  
  70  7:50  Pylon  
  73  7:53  Probe (Chrono Boost)  
  73  7:54  Probe (Chrono Boost)  
  75  7:59  Protoss Ground Weapons Level 2 (Chrono Boost)  
  75  8:02  Stalker  
  75  8:03  Stalker  
  75  8:05  Probe  
  80  8:07  Probe  
  80  8:12  Disruptor  
  81  8:17  Probe  
  81  8:19  Probe  
  86  8:20  Stalker  
  88  8:29  Probe  
  88  8:30  Stalker x2  
  93  8:36  Pylon  
  93  8:46  Disruptor  
  94  8:56  Probe x2  
  94  9:00  Probe  
  97  9:06  Stalker, Nexus  
  97  9:08  Stalker, Probe x2  
  103  9:13  Pylon  
  103  9:17  Disruptor  
  103  9:23  Dark Templar  
  103  9:24  Dark Templar  
  110  9:29  Archon  
  110  9:31  Probe x2, Assimilator  
  112  9:32  Assimilator  
  112  9:34  Stalker  
  114  9:38  Templar Archives  
  114  9:48  Disruptor  
  114  9:51  Robotics Facility  
  114  9:52  Stalker  
  116  9:59  Stalker x3  
  124  10:16  Pylon  
  124  10:17  Pylon  
  124  10:18  Pylon  
  124  10:19  Pylon  
  124  10:22  Pylon  
  124  10:24  Probe, Disruptor (Chrono Boost), Pylon  
  124  10:26  Probe  
  124  10:27  Photon Cannon  
  129  10:29  Assimilator  
  129  10:33  Assimilator  
  129  10:39  Stalker x3  
  135  10:49  Stalker  
  137  10:50  Stalker  
  137  10:52  Disruptor (Chrono Boost)  
  142  11:04  Stalker x3  
  142  11:07  Disruptor (Chrono Boost)  
  151  11:14  Stalker x2  
  121  11:35  Stalker  
  121  11:36  Stalker x2  

Tags
 
Add a new tag
Caveats
  • Supply blocks, unpowered buildings, or Contaminate may cause inaccurate times.
  • Supply counts are checked every 10 seconds.